 Dungeon Sprint DCSS version 0.17-a0-1636-g3119f2b (webtiles) character file.

328 Kidiri the Covert (level 6, 0/28 HPs)
             Began as a Spriggan Enchanter on Aug 6, 2015.
             Was an Initiate of Dithmenos.
             Slain by a spatial vortex (28 damage)
             ... in the Dungeon (Sprint III: "The Ten Rune Challenge").
             The game lasted 00:02:42 (487 turns).

Kidiri the Covert (Spriggan Enchanter)               Turns: 487, Time: 00:02:42

Health: 0/28       AC:  3    Str:  4    XL:     6   Next: 25%
Magic:  13/17      EV: 28    Int: 17    God:    Dithmenos [......]
Gold:   25         SH:  0    Dex: 22    Spells: 5 memorised, 8 levels left

rFire  . . .     SeeInvis +     a - +1 dagger
rCold  . . .     Clarity  +     b - +1 robe
rNeg   . . .     SustAt   .     (shield restricted)
rPois  .         Gourm    .     (helmet restricted)
rElec  .         Spirit   .     (no cloak)
rCorr  .         Warding  .     (gloves unavailable)
rMut   .         NoTele   +     (boots unavailable)
MR     +....                    (no amulet)
Stlth  ++++++....               (no ring)
                                (no ring)

@: very quick, somewhat resistant to hostile enchantments, very stealthy
A: unfitting armour, see invisible, agile 2, clarity, herbivore 3, speed 3, slow
metabolism 2
a: Renounce Religion


You were in the Dungeon.
You worshipped Dithmenos.
Dithmenos was noncommittal.
You were not hungry.

You visited 1 branch You collected 25 gold pieces.

Inventory:

Hand weapons
 a - a +1 dagger (weapon)
Armour
 b - a +1 robe (worn)
Scrolls
 j - a scroll of blinking
 o - 3 scrolls of remove curse
Potions
 e - a potion of curing
 f - a potion of heal wounds
 g - a potion of haste
 h - 2 potions of magic
 i - a potion of berserk rage
 k - 4 potions of flight
 p - 3 potions of cure mutation
 t - a potion of brilliance {unknown}
Books
 c - a book of Maledictions

   Spells                             Type                      Level
   a - Corona                         Hexes                        1
   b - Ensorcelled Hibernation        Hexes/Ice                    2
   c - Confuse                        Hexes                        3
   d - Tukima's Dance                 Hexes                        3
   e - Dazzling Spray                 Conjuration/Hexes            3
Comestibles
 d - 2 bread rations
 s - 2 royal jellies


   Skills:
 + Level 4.7 Short Blades
 * Level 9.4 Dodging
 * Level 10.3 Stealth
 * Level 7.7 Spellcasting
 + Level 2.3 Conjurations
 + Level 6.3 Hexes
 + Level 2.8 Ice Magic
 + Level 0.0 Invocations


You had 8 spell levels left.
You knew the following spells:

 Your Spells              Type           Power        Failure   Level  Hunger
a - Corona                Hex            ####...      1%          1    None
b - Ensorcelled Hibernat  Hex/Ice        ###...       2%          2    None
c - Confuse               Hex            ####....     2%          3    #......
d - Tukima's Dance        Hex            ####....     2%          3    #......
e - Dazzling Spray        Conj/Hex       ###.....     8%          3    #......


Dungeon Overview and Level Annotations

Branches:
Dungeon (1/1)

Altars:
Dithmenos
Gozag
Makhleb
Nemelex Xobeh
Qazlal
Ru
Xom
Jiyva
Lugonu


Innate Abilities, Weirdness & Mutations

You are tiny and cannot use many weapons and most armour.
You have supernaturally acute eyesight.
You are a herbivore.
You cover ground extremely quickly.
You need consume almost no food.
You are very agile. (Dex +4)
You possess an exceptional clarity of mind.


Message History

There is a viscous altar of Jiyva here.
There is a sacrificial altar of Ru here.
You hit the spatial vortex.
The spatial vortex is moderately damaged.
You hit the spatial vortex.
The spatial vortex is moderately damaged.
The spatial vortex misses you.
You hit the spatial vortex.
The spatial vortex is moderately damaged.
There is an open door here.
Casting: Confuse
Confirm with . or Enter, or press ? or * to list all spells.
Aiming: Dazzling Spray
Press: ? - help, Shift-Dir - straight line, f - spatial vortex
Aim: a spatial vortex (moderately damaged)
The spray of energy hits the spatial vortex.
The spatial vortex is moderately damaged.
The spatial vortex hits you!!
Ouch! That really hurt!
You die...

...#..#..###+#+###+##
#..##'#..#..........#
#..###%..'.⌠........#
..####...#...######'#
..###....#.⌠.#__#...#
..##.....#...#__#...#
..#......#+###__#...#
##.#.....# #__#...+
#####....# #_.@v..# ▓
▓▓▓▓▓▓ ▓▓▓▓▓▓▓▓


You could see a spatial vortex.

Vanquished Creatures
  A shadow (D)
  A water elemental (D)
  A jelly (D)
  Jessica (D)
  A wolf (D)
  A human (D)
  An ooze (D)
  2 rats (D)
9 creatures vanquished.

Vanquished Creatures (others)
  2 draconian scorchers (D)
  A yaktaur (D)
3 creatures vanquished.

Grand Total: 12 creatures vanquished

Notes
Turn   | Place    | Note
--------------------------------------------------------------
     0 | D        | Kidiri the Spriggan Enchanter began the quest for the Orb.
     0 | D        | Reached XP level 1. HP: 9/9 MP: 5/5
    20 | D        | Reached skill level 5 in Stealth
   128 | D        | Noticed Jessica
   133 | D        | Killed Jessica
   133 | D        | Reached skill level 5 in Dodging
   133 | D        | Reached skill level 6 in Stealth
   133 | D        | Reached XP level 2. HP: 13/13 MP: 6/8
   133 | D        | Reached XP level 3. HP: 16/16 MP: 6/9
   140 | D        | Learned a level 2 spell: Ensorcelled Hibernation
   144 | D        | Learned a level 3 spell: Confuse
   148 | D        | Learned a level 3 spell: Tukima's Dance
   154 | D        | Noticed a wolf
   157 | D        | Killed a wolf
   177 | D        | Killed a yaktaur
   214 | D        | Killed a white draconian scorcher
   229 | D        | Killed a white draconian scorcher
   264 | D        | Reached skill level 7 in Stealth
   264 | D        | Reached skill level 5 in Spellcasting
   264 | D        | Reached skill level 1 in Ice Magic
   264 | D        | Reached XP level 4. HP: 17/21 MP: 4/12
   281 | D        | Gained mutation: Your skin changes colour to match your surroundings (Stealth). [potion of mutation]
   281 | D        | Gained mutation: You are agile. (Dex +2) [potion of mutation]
   282 | D        | Gained mutation: You possess an exceptional clarity of mind. [potion of mutation]
   282 | D        | Gained mutation: You are very agile. (Dex +4) [potion of mutation]
   282 | D        | Lost mutation: Your skin changes colour to match your surroundings (Stealth). [potion of mutation]
   445 | D        | Learned a level 3 spell: Dazzling Spray
   445 | D        | Noticed a water elemental
   448 | D        | Killed a water elemental
   448 | D        | Reached skill level 8 in Stealth
   448 | D        | Reached skill level 1 in Conjurations
   448 | D        | Reached skill level 5 in Hexes
   458 | D        | Noticed a jelly
   459 | D        | Noticed a shadow
   461 | D        | Killed a shadow
   461 | D        | Reached skill level 9 in Dodging
   461 | D        | Reached skill level 10 in Stealth
   461 | D        | Reached XP level 5. HP: 24/24 MP: 14/16
   461 | D        | Reached XP level 6. HP: 28/28 MP: 14/17
   465 | D        | Killed a jelly
   470 | D        | Found a stormy altar of Qazlal.
   471 | D        | Found a sacrificial altar of Ru.
   471 | D        | Found a burning altar of Makhleb.
   471 | D        | Found a viscous altar of Jiyva.
   471 | D        | Found a shimmering altar of Xom.
   471 | D        | Found a shadowy altar of Dithmenos.
   471 | D        | Found a sparkling altar of Nemelex Xobeh.
   471 | D        | Found a corrupted altar of Lugonu.
   471 | D        | Found an opulent altar of Gozag.
   471 | D        | Noticed a spatial vortex
   477 | D        | Became a worshipper of Dithmenos the Shadowed
   487 | D        | Slain by a spatial vortex

Vault maps used:
D:        dungeon_sprint_mu

Action                   |  1- 3 |  4- 6 || total
-------------------------+-------+-------++-------
Melee: Dagger            |    14 |    11 ||    25
 Cast: Ensorcelled Hiber |     7 |       ||     7
       Dazzling Spray    |       |     1 ||     1
  Use: Scroll            |       |     4 ||     4
       Potion            |       |     2 ||     2
 Stab: Sleeping          |     5 |     3 ||     8
